 Dungeon Crawl Stone Soup version 0.18.1-48-g4cf74bf (webtiles) character file.

1684 RickumRackum the Archer (level 8, -1/66 HPs)
             Began as a Centaur Hunter on Aug 21, 2016.
             Was a Believer of Yredelemnul.
             Slain by a scorpion (3 damage)
             ... on level 6 of the Dungeon on Aug 22, 2016.
             The game lasted 01:51:01 (8559 turns).

RickumRackum the Archer (Centaur Hunter)            Turns: 8559, Time: 01:51:01

Health: -1/66      AC:  8    Str: 14      XL:     8   Next: 71%
Magic:  11/11      EV: 10    Int:  7 (8)  God:    Yredelemnul [**....]
Gold:   13         SH:  0    Dex: 10 (11) Spells: 2 memorised, 5 levels left

rFire  . . .     SeeInvis .     g - +2 dagger (speed)
rCold  . . .     Gourm    .     c - +3 leather armour
rNeg   . . .     Faith    .     (no shield)
rPois  .         Spirit   .     k - +0 helmet
rElec  .         Dismiss  .     (no cloak)
rCorr  .         Reflect  .     (no gloves)
SustAt .         Harm     .     (no barding)
MR     .....     Clarity  +     (no amulet)
Stlth  +.........               (no ring)
                                (no ring)

@: injury mirror, very quick, not resistant to hostile enchantments, very
unstealthy
A: hooves 3, clarity, clumsy 1, deformed body, dopey 1, speed 2, tough skin 3
a: Animate Remains, Recall Undead Slaves, Injury Mirror, Renounce Religion


You were on level 6 of the Dungeon.
You worshipped Yredelemnul.
Yredelemnul was pleased with you.
You were not hungry.

You visited 1 branch of the dungeon, and saw 6 of its levels.
You also visited: Sewer.

You collected 253 gold pieces.
You spent 240 gold pieces at shops.

Inventory:

Hand Weapons
 a - a +3 shortbow
 g - a +2 dagger of speed (weapon)
 h - a +0 hand crossbow
 u - a +0 hunting sling
 y - a +0 blowgun
Missiles
 e - 67 bolts
 j - 289 stones (quivered)
 q - 28 arrows
 r - 7 tomahawks
 t - 14 poisoned needles
 z - 2 throwing nets
 C - 45 sling bullets
Armour
 c - a +3 leather armour (worn)
 k - a +0 helmet (worn)
Scrolls
 f - 8 scrolls of identify
Potions
 i - a potion of berserk rage
 l - 2 potions of brilliance
 E - a potion of flight
 F - 2 potions of curing
Books
 p - Jessica's Collected Works on Necromancy
   (You found it on level 2 of the Dungeon)

   Spells                             Type                      Level
   a - Animate Skeleton               Necromancy                   1
   b - Pain                           Necromancy                   1
 G - a book of Beasts

   Spells                             Type                      Level
   a - Summon Butterflies             Summoning                    1
   b - Call Canine Familiar           Summoning                    3
   c - Summon Ice Beast               Ice/Summoning                4
   d - Summon Mana Viper              Hexes/Summoning              5
   e - Summon Hydra                   Summoning                    7
Comestibles
 m - a bread ration
 x - a beef jerky
 H - a slice of pizza


   Skills:
 + Level 4.2 Fighting
 + Level 2.7 Short Blades
 + Level 2.8(3.2) Slings
 * Level 9.4 Bows
 + Level 2.4(3.1) Throwing
 + Level 3.4 Dodging
 + Level 2.4 Stealth
 - Level 0.2 Unarmed Combat
 * Level 4.3 Invocations


You had 5 spell levels left.
You knew the following spells:

 Your Spells              Type           Power        Failure   Level  Hunger
a - Animate Skeleton      Necr           N/A          63%         1    ##.....
b - Summon Butterflies    Summ           #.......     63%         1    ##.....


Dungeon Overview and Level Annotations

Branches:
Dungeon (6/15)
 Temple: D:4-7

Altars:
Ashenzari
Yredelemnul

Shops:
D:5 (!*!


Innate Abilities, Weirdness & Mutations

You have hooves in place of feet.
Armour fits poorly on your strangely shaped body.
You cover ground very quickly.
You have extremely tough skin (AC +3).
You possess an exceptional clarity of mind.
You are clumsy. (Dex -2)
You are dopey. (Int -2)


Message History

The black bear claws you but does no damage.
The black bear claws you.
* * * LOW HITPOINT WARNING * * *
You offer yourself to Yredelemnul, and are filled with unholy energy.
The scorpion stings you.
* * * LOW HITPOINT WARNING * * *
Yredelemnul mirrors your injury!
The scorpion is almost dead.
The black bear bites you.
* * * LOW HITPOINT WARNING * * *
Yredelemnul mirrors your injury!
You kill the black bear!
Yredelemnul accepts your kill.
You feel your intelligence returning. The scorpion misses you.
Your leather armour prevents you from hitting the scorpion.
The scorpion is almost dead.
The scorpion stings you.
You die...
Your body rises from the dead as a mindless zombie.

....... ###.......
..#...(...
##.#.!.(...
###+#..#.((....
#...........#
#.....(.(...#
#.........#
##.....@s#.#
######........# ..
#.............# ...
#........)....## ...
#<..............##
..
#................. .
...#+#+#..........#
#####..............#
...#...........


You could see a scorpion.

Vanquished Creatures
  Grinder (D:3)
  Sigmund (D:2)
  Purgy (Sewer)
  An ice beast (D:5)
  A black bear (D:6)
  A phantom (D:5)
  A scorpion (D:5)
  A howler monkey (D:4)
  A jelly (D:5)
  3 hounds
  A gnoll shaman (D:5)
  2 orc priests
  An iguana (D:4)
  Ijyb (D:2)
  Jessica (D:2)
  An orc wizard (D:5)
  Natasha (thrice) (D:2)
  2 worker ants (D:4)
  A hound zombie (D:5)
  Robin (D:2)
  8 gnolls
  9 adders
  A shadow imp (D:5)
  An ooze (D:1)
  An adder skeleton (D:4)
  An adder zombie (D:5)
  2 worms
  3 dart slugs (D:2)
  3 giant geckos
  19 orcs
  13 bats
  3 giant cockroaches
  17 hobgoblins
  9 jackals
  2 quokkas
  2 ball pythons
  5 giant newts
  26 goblins
  A jackal zombie (D:6)
  15 kobolds
  7 rats
  A spectral orc (D:2)
175 creatures vanquished.

Vanquished Creatures (collateral kills)
  An ogre (D:4)
  A howler monkey (D:4)
  An orc wizard (D:4)
  A giant frog skeleton (D:6)
  A gnoll (D:4)
  An ooze (D:3)
  A worm (D:3)
  An orc (D:4)
  A goblin (D:4)
  3 hobgoblins (D:4)
  3 kobolds (D:4)
15 creatures vanquished.

Vanquished Creatures (others)
  A hound zombie (D:4)
  A howler monkey zombie (D:4)
  An adder zombie (D:6)
  An orc (D:5)
  2 gnoll zombies
  A ball python zombie (D:4)
  A giant newt zombie (D:4)
  4 goblin zombies (D:4)
  4 hobgoblin zombies (D:4)
  A kobold zombie (D:3)
  6 orc zombies
  A plant (D:4)
24 creatures vanquished.

Grand Total: 214 creatures vanquished

Notes
Turn   | Place    | Note
--------------------------------------------------------------
     0 | D:1      | RickumRackum the Centaur Hunter began the quest for the Orb.
     0 | D:1      | Reached XP level 1. HP: 17/17 MP: 1/1
   195 | D:1      | Reached XP level 2. HP: 24/24 MP: 2/2
   387 | D:1      | Reached skill level 6 in Bows
   701 | D:1      | Reached XP level 3. HP: 26/29 MP: 3/3
  1231 | D:2      | Found a shattered altar of Ashenzari.
  1321 | D:2      | Noticed Ijyb
  1321 | D:2      | Noticed Robin
  1769 | D:2      | Killed Ijyb
  1769 | D:2      | Reached skill level 7 in Bows
  1769 | D:2      | Reached XP level 4. HP: 33/36 MP: 4/4
  1904 | D:2      | Noticed Natasha
  2234 | D:2      | Killed Natasha
  2403 | D:2      | Killed Robin
  2403 | D:2      | Reached XP level 5. HP: 34/41 MP: 5/5
  2516 | D:2      | Noticed Natasha
  2525 | D:2      | Killed Natasha
  2525 | D:2      | Reached skill level 1 in Short Blades
  2580 | D:2      | Noticed Sigmund
  2989 | D:2      | Killed Sigmund
  2989 | D:2      | Reached skill level 1 in Throwing
  2989 | D:2      | Reached skill level 1 in Stealth
  2989 | D:2      | Reached XP level 6. HP: 44/50 MP: 6/6
  3154 | D:2      | Noticed Jessica
  3169 | D:2      | Killed Jessica
  3195 | D:2      | Identified Jessica's Collected Works on Necromancy
  3199 | D:2      | Learned a level 1 spell: Animate Skeleton
  3272 | D:2      | Found a basalt altar of Yredelemnul.
  3283 | D:2      | Became a worshipper of Yredelemnul the Dark
  3488 | D:2      | Noticed Natasha
  3494 | D:2      | Killed Natasha
  3494 | D:2      | Reached skill level 8 in Bows
  4525 | D:3      | Reached skill level 1 in Invocations
  4642 | D:3      | Noticed Grinder
  4664 | D:3      | Killed Grinder
  4664 | D:3      | Reached skill level 1 in Slings
  4664 | D:3      | Reached XP level 7. HP: 39/57 MP: 6/8
  4899 | D:3      | Reached * piety under Yredelemnul
  5810 | D:4      | Reached ** piety under Yredelemnul
  6464 | D:4      | Got a smoking ring mail
  6485 | D:4      | Identified the cursed +0 ring mail "Vodirar" {rPois} (You found it on level 4 of the Dungeon)
  6512 | D:4      | Reached XP level 8. HP: 64/64 MP: 10/10
  6887 | D:5      | Entered Level 5 of the Dungeon
  6904 | D:5      | Reached skill level 9 in Bows
  6949 | D:5      | Found Kuuruss's Distillery.
  6975 | D:5      | Bought a potion of curing for 36 gold pieces
  6975 | D:5      | Bought a potion of flight for 36 gold pieces
  6975 | D:5      | Bought a potion of curing for 36 gold pieces
  6975 | D:5      | Bought a potion of lignification for 36 gold pieces
  7027 | D:5      | Found Maem's Weapon Shoppe.
  7659 | D:5      | Found a glowing drain.
  7664 | Sewer    | Entered a sewer
  7707 | Sewer    | Noticed Purgy
  7746 | Sewer    | Killed Purgy
  8030 | Sewer    | Gained mutation: You are dopey. (Int -2) [potion of mutation]
  8030 | Sewer    | Gained mutation: You are clumsy. (Dex -2) [potion of mutation]
  8030 | Sewer    | Gained mutation: You possess an exceptional clarity of mind. [potion of mutation]
  8207 | D:5      | Found Noxastre's Distillery.
  8211 | D:5      | Found Ufauhog's Assorted Antiques.
  8212 | D:5      | Bought a potion of heal wounds for 60 gold pieces
  8212 | D:5      | Bought a potion of curing for 36 gold pieces
  8399 | D:5      | Learned a level 1 spell: Summon Butterflies
  8557 | D:6      | HP: 2/66 [black bear (5)]
  8559 | D:6      | Slain by a scorpion

Skill      XL: |  1  2  3  4  5  6  7  8 |
---------------+-------------------------+-----
Bows           | 6 7 8 9 |  9.4
Dodging        | 2 3 |  3.4
Short Blades   | 1 2 |  2.7
Throwing       | 1 2 |  2.4
Stealth        | 1 2 |  2.4
Invocations    | 1 3 4 |  4.3
Fighting       | 3 4 |  4.2
Slings         | 1 2 |  2.8
Unarmed Combat | |  0.2

Action                   |  1- 3 |  4- 6 |  7- 9 || total
-------------------------+-------+-------+-------++-------
Melee: Short sword       |    43 |    61 |       ||   104
       Kick              |     6 |    41 |    70 ||   117
       Unarmed           |    32 |     3 |       ||    35
       Dagger            |       |   116 |   293 ||   409
 Fire: Shortbow          |    82 |    28 |   176 ||   286
       Hunting sling     |       |    44 |       ||    44
       Blowgun           |       |       |     1 ||     1
Throw: Stone             |     5 |       |     1 ||     6
 Cast: Animate Skeleton  |       |     2 |     3 ||     5
       Summon Butterflie |       |       |     1 ||     1
Invok: Animate Remains   |       |       |    26 ||    26
       Recall Undead Sla |       |       |     2 ||     2
       Injury Mirror     |       |       |     2 ||     2
Evoke: Wand              |       |     1 |       ||     1
  Use: Scroll            |     4 |     2 |     4 ||    10
       Potion            |     4 |     3 |    15 ||    22
  Eat: Chunk             |     1 |     4 |     2 ||     7
       Bread ration      |     1 |       |     1 ||     2
       Meat ration       |       |     1 |     1 ||     2
       Royal jelly       |       |       |     1 ||     1
Armor: Leather armour    |    25 |    63 |    79 ||   167
       Skin              |       |     1 |       ||     1
       Ring mail         |       |       |    50 ||    50
Dodge: Dodged            |    62 |    91 |   128 ||   281
